AoeStats
← .|.

African Clearing

510838431Analyzed
4v4 RM · 13h ago on Oct 2, 2026· 39m 17s· 8 players
Game mode
Random Map
Map size
Large (8 player)
Population
200
Speed
Normal
Resources
Standard
Victory
Conquest
Starting age
Dark Age
Ending age
Imperial Age
RankedLock teamsTeams togetherTeam positionsShared explorationLock speedFull tech treeHidden civsTurbo modeCheats
Victory
Defeat
🇬🇧 Koreans · United Kingdom
1451
+13
🇲🇽 Georgians · Mexico
1420
+14
🇧🇷 Huns · Brazil
1403
+15
🇵🇾 Mongols · Paraguay
1373
+16
🇸🇮 Berbers · Slovenia
1487
-19
🇨🇳 Jurchens · China
1421
-16
1316
-12
🇩🇪 Saxons · Germany
1300
-11
.|.
10:51 Loom
14:00 Feudal Age
18:02 Castle Age
15:53 Double-Bit Axe
16:52 Fletching
33:18 Horse Collar
34:09 Svan Towers
39:54 Ballistics
Hakka1_90
13:31 Feudal Age
16:56 Castle Age
14:43 Double-Bit Axe
17:01 Wheelbarrow
18:15 Bow Saw
17:52 Horse Collar
18:42 Heavy Plow
20:01 Loom
30:25 Forging
30:21 Scale Barding Armor
33:23 Imperial Age
31:06 Bloodlines
30:56 Husbandry
31:43 Iron Casting
32:50 Chain Barding Armor
32:35 Marauders
33:26 Elite Tarkan
35:11 Blast Furnace
34:46 Plate Barding Armor
34:34 Conscription
33:36 Capped Ram
35:18 Two-Man Saw
35:07 Siege Ram
37:36 Fletching
37:46 Padded Archer Armor
38:43 Bodkin Arrow
39:21 Leather Archer Armor
miguel_carl7s
8:52 Loom
12:01 Feudal Age
12:32 Double-Bit Axe
12:36 Town Watch
22:14 Castle Age
21:09 Bloodlines
21:56 Scale Barding Armor
27:18 Forging
31:09 Husbandry
32:13 Horse Collar
33:00 Fletching
36:07 Iron Casting
40:17 Wheelbarrow
willrhyd
8:44 Loom
11:12 Feudal Age
13:01 Double-Bit Axe
19:42 Fletching
23:36 Castle Age
27:36 Bodkin Arrow
35:01 Ballistics
37:50 Wheelbarrow
38:58 Bow Saw
[Sacred Fart] Mr. Bober
6:17 Loom
13:04 Feudal Age
13:32 Town Watch
16:27 Man-at-Arms
17:56 Arson
18:28 Double-Bit Axe
21:24 Scale Mail Armor
21:21 Fletching
23:16 Wheelbarrow
23:23 Scale Mail Armor
25:35 Castle Age
26:29 Gambesons
28:22 Forging
28:23 Long Swordsman
31:39 Horse Collar
32:01 Gold Mining
32:33 Squires
34:42 Wheelbarrow
35:11 Pikeman
[Sacred Fart] Turk Turkelton
8:46 Loom
12:50 Feudal Age
13:16 Town Watch
12:57 Man-at-Arms
14:37 Wheelbarrow
14:27 Scale Mail Armor
14:27 Arson
14:32 Horse Collar
26:49 Castle Age
25:02 Gold Mining
28:07 Hand Cart
28:11 Heavy Plow
30:04 Padded Archer Armor
31:05 Husbandry
33:10 Ballistics
38:44 Imperial Age
37:49 Bloodlines
Mr. Weedman
11:07 Loom
13:35 Feudal Age
14:11 Double-Bit Axe
14:32 Horse Collar
18:12 Wheelbarrow
22:33 Castle Age
21:21 Scale Barding Armor
21:27 Forging
22:35 Bloodlines
22:40 Light Cavalry
23:56 Fletching
24:07 Padded Archer Armor
25:54 Ballistics
26:06 Bodkin Arrow
27:21 Husbandry
28:16 Leather Archer Armor
32:04 Bow Saw
32:35 Gold Mining
36:21 Chain Barding Armor
36:37 Iron Casting
39:45 Imperial Age
38:46 Heavy Plow
Mustafa90
12:37 Feudal Age
11:52 Loom
20:51 Castle Age
21:39 Double-Bit Axe
28:40 Scale Mail Armor
Connection lost

Rejoining the realm…

Still unreachable

The connection could not be restored.

Session expired

The server has moved on; the page needs a fresh start.